Map: Deathaura LE

Players

黑羽快斗 (ButAlways)

  • Race: Protoss Protoss
  • League: Grandmaster
  • Spawn Location: 11:00

Has - Winner!

  • Race: Protoss Protoss
  • Spawn Location: 5:00

Event: DreamHack SC2 Masters 2020 Winter

VOD

Have the link to the VOD?

Description

Time

  • Played on: Oct. 24, 2020, 8 a.m.
  • Length: 7:08

All games in this series

Show
View Real Time Build Order
Export as new Build Order

黑羽快斗 Protoss 

Build Orders:  

Get SALT Encoding   

  12  0:00  Probe  
  13  0:12  Probe  
  14  0:16  Pylon  
  14  0:24  Probe (Chrono Boost)  
  16  0:36  Probe (Chrono Boost)  
  16  0:37  Gateway  
  16  0:43  Probe (Chrono Boost)  
  17  0:51  Probe  
  17  0:53  Assimilator  
  18  1:03  Probe (Chrono Boost)  
  19  1:04  Assimilator  
  20  1:12  Probe (Chrono Boost)  
  20  1:15  Pylon  
  20  1:17  Gateway  
  20  1:18  Probe  
  21  1:31  Cybernetics Core  
  22  1:32  Probe  
  22  1:36  Pylon  
  22  1:44  Pylon  
  22  1:45  Probe  
  23  1:58  Probe  
  24  2:06  Cybernetics Core  
  24  2:09  Stalker  
  24  2:10  Warp Gate (Chrono Boost), Sentry  
  28  2:28  Pylon  
  31  2:48  Nexus, Probe  
  30  2:51  Sentry  
  30  3:00  Probe (Chrono Boost)  
  30  3:02  Pylon  
  30  3:12  Probe (Chrono Boost)  
  31  3:16  Twilight Council  
  31  3:19  Probe (Chrono Boost)  
  32  3:26  Probe  
  32  3:29  Pylon  
  33  3:39  Probe  
  33  3:46  Stalker x2  
  33  3:51  Probe (Chrono Boost)  
  33  3:52  Stalker x2  
  35  4:00  Probe (Chrono Boost)  
  35  4:06  Blink  
  35  4:09  Probe (Chrono Boost)  
  37  4:10  Probe (Chrono Boost)  
  37  4:15  Probe (Chrono Boost)  
  39  4:17  Probe (Chrono Boost)  
  39  4:18  Stalker  
  41  4:25  Stalker  
  41  4:26  Probe (Chrono Boost)  
  45  4:33  Probe x2 (Chrono Boost)  
  46  4:40  Probe  
  46  4:41  Probe  
  46  4:45  Forge  
  48  4:52  Stalker, Probe  
  51  4:57  Probe  
  52  5:03  Stalker  
  52  5:04  Probe  
  54  5:13  Pylon  
  54  5:27  Assimilator x2  
  54  5:30  Probe  
  54  5:31  Probe  
  54  5:42  Stalker x2, Probe  
  58  5:43  Probe  
  58  5:49  Photon Cannon  
  59  5:54  Probe  
  59  5:55  Probe  
  61  5:59  Dark Shrine  
  61  6:01  Pylon  
  61  6:06  Probe  
  62  6:12  Robotics Facility  
  62  6:19  Stalker x2, Probe  
  67  6:27  Photon Cannon  
  67  6:32  Shield Battery  
  67  6:39  Sentry  
  69  6:46  Stalker  
Show
View Real Time Build Order
Export as new Build Order

Has Protoss - Winner!

Build Orders: Oracle Opening 

Get SALT Encoding   

  12  0:00  Probe  
  13  0:12  Probe  
  14  0:17  Pylon  
  14  0:24  Probe  
  15  0:36  Gateway  
  15  0:37  Probe (Chrono Boost)  
  16  0:46  Probe (Chrono Boost)  
  16  0:47  Assimilator  
  17  0:51  Probe (Chrono Boost)  
  18  1:03  Probe  
  19  1:15  Probe  
  19  1:16  Assimilator  
  20  1:23  Cybernetics Core, Zealot  
  22  1:26  Pylon  
  22  1:27  Probe  
  23  1:44  Probe  
  24  1:56  Probe  
  24  1:57  Adept (Chrono Boost)  
  27  2:01  Warp Gate  
  27  2:08  Probe  
  27  2:15  Stargate  
  28  2:18  Pylon  
  28  2:21  Probe  
  29  2:25  Stalker  
  31  2:33  Shield Battery  
  31  2:37  Probe  
  32  2:52  Probe  
  32  2:56  Oracle (Chrono Boost)  
  36  3:15  Nexus  
  37  3:20  Pylon  
  37  3:23  Probe  
  37  3:35  Probe  
  38  3:46  Twilight Council  
  38  3:47  Probe (Chrono Boost)  
  39  3:58  Probe (Chrono Boost)  
  39  4:01  Adept  
  40  4:03  Probe (Chrono Boost)  
  40  4:06  Robotics Facility  
  41  4:13  Probe  
  42  4:17  Gateway  
  42  4:18  Gateway  
  42  4:21  Blink (Chrono Boost)  
  42  4:23  Adept  
  44  4:30  Probe (Chrono Boost)  
  45  4:32  Probe (Chrono Boost)  
  46  4:42  Gateway, Probe (Chrono Boost)  
  46  4:44  Probe (Chrono Boost)  
  48  4:47  Probe (Chrono Boost)  
  48  4:52  Assimilator, Probe  
  50  4:53  Pylon  
  50  4:58  Probe  
  51  5:04  Probe  
  49  5:08  Stalker  
  49  5:14  Warp Prism  
  51  5:16  Stalker  
  51  5:17  Stalker  
  51  5:20  Gateway  
  57  5:24  Probe  
  56  5:40  Stalker x4  
  64  5:45  Pylon  
  64  5:58  Observer  
  64  5:59  Probe  
  64  6:00  Pylon  
  66  6:11  Stalker x4  
  66  6:16  Stalker  
  76  6:32  Gateway  
  74  6:34  Stalker x2  
  74  6:35  Stalker x2  
  82  6:42  Stalker  
Tags
 
Add a new tag
Caveats
  • Supply blocks, unpowered buildings, or Contaminate may cause inaccurate times.
  • Supply counts are checked every 10 seconds.